 Dungeon Crawl Stone Soup version 0.16.0-17-g811c1d7 (webtiles) character file.

34003 xsansara the Severer (level 13, -6/119 HPs)
             Began as a Minotaur Berserker on Mar 21, 2015.
             Was the Champion of Trog.
             Mangled by a 13-headed hydra (9 damage)
             ... on level 7 of the Lair of Beasts on Mar 22, 2015.
             The game lasted 01:03:56 (12727 turns).

xsansara the Severer (Minotaur Berserker)          Turns: 12727, Time: 01:03:58

Health: -6/119     AC: 22    Str: 20    XL:     13   Next: 39%
Magic:  7/7        EV:  9    Int: 19    God:    Trog [******]
Gold:   946        SH:  0    Dex: 12    Spells: 0 memorised, 12 levels left

rFire  + + .     SeeInvis .     B - +6 executioner's axe (antimagic)
rCold  . . .     Clarity  .     E - +4 plate armour {MR+}
rNeg   . . .     SustAb   .     (no shield)
rPois  +         Gourm    .     (helmet restricted)
rElec  +         Spirit   .     J - +2 cloak
rCorr  .         Warding  .     i - +0 pair of gloves
rMut   .         Stasis   .     (no boots)
MR     +....                    g - amulet of regeneration
Stlth  ..........               y - ring "Xyqiyfid" {rElec rPois rF++ MR- Int+4}
                                w - ring "Cuywuc" {MR+ Str-3 Int+7 Dex+4}

@: somewhat resistant to hostile enchantments, extremely unstealthy
A: retaliatory headbutt, horns 2, blurry vision 1, clumsy 1, low mp 1
a: Burn Spellbooks, Berserk, Trog's Hand, Brothers in Arms, Renounce Religion


You were on level 7 of the Lair of Beasts.
You worshipped Trog.
Trog was exalted by your worship.
You were not hungry.

You visited 2 branches of the dungeon, and saw 16 of its levels.

You collected 946 gold pieces.

Inventory:

Hand weapons
 m - a +2 battleaxe of draining
 s - a +4 antimagic battleaxe
 B - a +6 antimagic executioner's axe (weapon)
 K - a +2 antimagic hand axe
 L - a +2 hand axe of freezing
 P - the +8 short sword of Absolution {venom, Noisy Int+5 Dex+4, unknown}
   (Trog gifted it to you on level 6 of the Lair of Beasts)

   It poisons the flesh of those it strikes.
   It affects your intelligence (+5).
   It affects your dexterity (+4).
   It may make noises in combat.
Missiles
 f - 10 tomahawks (quivered)
Armour
 i - a +0 pair of gloves (worn)
 E - a +4 plate armour of magic resistance (worn)
 J - a +2 cloak (worn)
Jewellery
 g - an amulet of regeneration (around neck)
 h - an uncursed ring of sustain abilities
 l - a +5 ring of evasion
 p - an uncursed amulet of warding
 w - the ring "Cuywuc" (left hand) {MR+ Str-3 Int+7 Dex+4}
   (You found it on level 4 of the Lair of Beasts)

   [ring of protection from magic]

   It affects your strength (-3).
   It affects your intelligence (+7).
   It affects your dexterity (+4).
   It affects your resistance to hostile enchantments.
 y - the ring "Xyqiyfid" (right hand) {rElec rPois rF++ MR- Int+4}
   (You found it on level 7 of the Dungeon)

   [ring of poison resistance]

   It affects your intelligence (+4).
   It greatly protects you from fire.
   It insulates you from electricity.
   It protects you from poison.
   It affects your resistance to hostile enchantments.
Magical devices
 d - a wand of disintegration (15)
 o - a wand of digging (11)
 r - a wand of fire (10)
 A - a wand of draining (5)
 G - a wand of teleportation (5)
 Q - a wand of slowing (9)
 R - a wand of flame (25)
Scrolls
 a - 3 scrolls of enchant weapon
 b - 12 scrolls of teleportation
 c - 9 scrolls of remove curse
 e - 2 scrolls of fear
 k - a scroll of noise
 D - 2 scrolls of blinking
 M - 3 scrolls of identify
 N - a scroll of enchant armour
 O - a scroll of torment {unknown}
Potions
 n - 5 potions of curing
 q - a potion of heal wounds
 t - 2 potions of might
 z - 2 potions of cure mutation
 C - a potion of restore abilities
 F - a potion of poison {unknown}
 H - 2 potions of berserk rage
Books
 u - a book of Minor Magic

   Spells                             Type                      Level
   a - Magic Dart                     Conjuration                  1
   b - Blink                          Translocation                2
   c - Call Imp                       Summoning                    2
   d - Repel Missiles                 Charms/Air                   2
   e - Slow                           Hexes                        2
   f - Conjure Flame                  Conjuration/Fire             3
   g - Mephitic Cloud                 Conjuration/Poison/Air       3
   Trog disapproves of the use of such an item.
Comestibles
 j - 44 fruits
 v - 6 slices of pizza
 x - a meat ration
 I - 2 beef jerkies


   Skills:
 + Level 12.7 Fighting
 + Level 15.9 Axes
 - Level 0.2 Throwing
 + Level 8.6 Armour
 + Level 7.8 Dodging
 + Level 12.1 Evocations


You had 12 spell levels left.
You didn't know any spells.

Dungeon Overview and Level Annotations

Branches:
Dungeon (9/15)             Temple (0/1) D:6            Lair (7/8) D:8
  Swamp (0/5) Lair:5       Spider (0/5) Lair:4
  Slime: Lair:6-8       Orc: D:9-12

Altars:
Ashenzari
Cheibriados
Elyvilon
Fedhas
Gozag
Okawaru
Qazlal
Sif Muna
Trog
Yredelemnul
Zin
Jiyva


Innate Abilities, Weirdness & Mutations

You reflexively headbutt those who attack you in melee.
You have a pair of horns on your head.
Scrolls take you a little longer to read.
You are clumsy. (Dex -2)
Your magical capacity is low (-10% MP).


Message History

The yak gores you but does no damage. The 13-headed hydra barely misses you.
The 13-headed hydra barely misses you.
The 13-headed hydra bites you but does no damage.
The 13-headed hydra bites you.
* * * LOW HITPOINT WARNING * * *
The 13-headed hydra barely misses you. The 13-headed hydra bites you.
* * * LOW HITPOINT WARNING * * *
The 13-headed hydra bites you but does no damage.
The 13-headed hydra misses you. The 13-headed hydra closely misses you.
The 13-headed hydra bites you but does no damage. x2
The 13-headed hydra barely misses you.
The 13-headed hydra bites you but does no damage.
Read which item? (? for menu, Esc to quit)
You begin reading the scroll.
You continue reading the scroll.
The yak gores you but does no damage.
The 13-headed hydra bites you but does no damage. x6
The 13-headed hydra barely misses you.
The 13-headed hydra bites you but does no damage.
The 13-headed hydra bites you!
You die...

##. /... ### ## .....
##.## ..## ......#
##((.##...# .......
###........###
......P##.......+.......
.......YP.........#....#.
.......D†...........P.PP.
....?..#@#?#.............
......YY#####........##..


...PPYY ###........## #. ..PP..# #......P#..# ## ....PP #..PP....### #. ....#
##.P##.### #. ..... ###.+.P#.#..# ## ..Y...#.P..........#.##P
...Y.P#YP.........+..... You could see a 13-headed hydra, 3 yaks and 2 sheep.

Vanquished Creatures
  2 hydras (Lair:2)
  5 death yaks
  12 elephants
  A queen ant (Lair:5)
  6 black mambas
  12 spiny frogs
  2 komodo dragons
  2 fire drakes
  Prince Ribbit (D:4)
  A polar bear (Lair:6)
  2 ravens (Lair:4)
  5 basilisks
  13 blink frogs
  2 hogs (D:8)
  A wyvern (Lair:5)
  8 hippogriffs
  22 yaks
  A human (D:8)
  11 wolves
  6 ice beasts
  19 porcupines
  20 soldier ants (Lair:5)
  12 water moccasins
  2 orc warriors
  2 phantoms (D:5)
  6 spiders (Lair:4)
  A necrophage (D:7)
  4 ogres
  A boring beetle (Lair:6)
  6 centaurs
  2 wyvern zombies (D:8)
  14 crocodiles
  A brain worm (Lair:6)
  16 giant frogs
  A gnoll sergeant (D:9)
  2 scorpions
  A water moccasin skeleton (D:5)
  3 jellies
  2 crimson imps
  A giant frog zombie (D:8)
  5 electric eels
  2 giant frog skeletons
  3 orc priests
  14 hounds
  9 iguanas
  8 orc wizards
  2 hell rats (D:8)
  24 worker ants
  7 sheep
  Ijyb (D:2)
  A hound zombie (D:5)
  12 gnolls
  2 worker ant zombies
  33 adders
  55 river rats
  A giant mite (D:6)
  4 worms
  An adder skeleton (D:8)
  5 giant geckos
  3 oozes
  30 orcs
  3 ball pythons
  9 bats
  4 bat skeletons
  2 giant cockroaches (D:3)
  6 goblins
  16 hobgoblins
  7 jackals
  16 kobolds
  13 quokkas
  2 ball python skeletons (D:4)
  A giant gecko skeleton (D:4)
  10 giant newts
  18 rats
  A butterfly (Lair:6)
  12 fungi
  4 plants
577 creatures vanquished.

Vanquished Creatures (collateral kills)
  Erolcha (D:9)
  Duvessa (D:6)
  Dowan (D:6)
  A goliath beetle (D:6)
4 creatures vanquished.

Vanquished Creatures (others)
  7 fungi
  3 plants (Lair:7)
10 creatures vanquished.

Grand Total: 591 creatures vanquished

Notes
Turn   | Place    | Note
--------------------------------------------------------------
     0 | D:1      | xsansara, the Minotaur Berserker, began the quest for the Orb.
     0 | D:1      | Reached XP level 1. HP: 19/19 MP: 1/1
   180 | D:1      | Reached skill level 4 in Axes
   207 | D:1      | Reached XP level 2. HP: 27/27 MP: 1/1
   319 | D:1      | Acquired Trog's second power
   480 | D:1      | Reached skill level 5 in Axes
   549 | D:1      | Reached XP level 3. HP: 33/33 MP: 2/2
   799 | D:2      | Noticed Ijyb
   811 | D:2      | Killed Ijyb
   811 | D:2      | Reached XP level 4. HP: 32/40 MP: 2/2
   866 | D:2      | Reached skill level 6 in Axes
  1103 | D:2      | Found a basalt altar of Yredelemnul.
  1772 | D:3      | Reached XP level 5. HP: 46/46 MP: 2/2
  1844 | D:3      | Reached skill level 7 in Axes
  1944 | D:3      | Acquired Trog's third power
  2310 | D:4      | Noticed Prince Ribbit
  2331 | D:4      | Killed Prince Ribbit
  2331 | D:4      | Reached skill level 8 in Axes
  2331 | D:4      | Reached XP level 6. HP: 19/52 MP: 3/3
  2720 | D:4      | Reached skill level 9 in Axes
  2842 | D:4      | Noticed an ogre
  2848 | D:4      | Killed an ogre
  2852 | D:4      | Reached XP level 7. HP: 58/58 MP: 3/3
  3067 | D:5      | Entered Level 5 of the Dungeon
  3328 | D:5      | Reached skill level 10 in Axes
  3373 | D:5      | Reached skill level 1 in Evocations
  3488 | D:5      | Reached XP level 8. HP: 28/66 MP: 6/6
  4012 | D:6      | Reached skill level 11 in Axes
  4062 | D:6      | Found a staircase to the Ecumenical Temple.
  4176 | D:6      | Found a viscous altar of Jiyva.
  4207 | D:6      | Reached skill level 5 in Evocations
  4399 | D:6      | Found a snail-covered altar of Cheibriados.
  4399 | D:6      | Noticed Duvessa
  4399 | D:6      | Noticed Dowan
  4401 | D:6      | Killed Dowan
  4403 | D:6      | Killed Duvessa
  4498 | D:6      | Found a deep blue altar of Sif Muna.
  4587 | D:7      | Got a scorched bronze ring
  4589 | D:7      | Identified the ring "Xyqiyfid" {rElec rPois rF++ MR- Int+4} (You found it on level 7 of the Dungeon)
  4628 | D:7      | Reached skill level 12 in Axes
  4684 | D:7      | Reached XP level 9. HP: 71/71 MP: 11/13
  4721 | D:7      | Found an opulent altar of Gozag.
  4731 | D:7      | Found a bloodstained altar of Trog.
  4731 | D:7      | Found a shattered altar of Ashenzari.
  4732 | D:7      | Found a glowing silver altar of Zin.
  4733 | D:7      | Found an iron altar of Okawaru.
  4736 | D:7      | Found a white marble altar of Elyvilon.
  5435 | D:8      | Reached skill level 5 in Fighting
  5440 | D:8      | Received a gift from Trog
  5525 | D:8      | Found a staircase to the Lair.
  5883 | D:8      | Reached XP level 10. HP: 86/86 MP: 5/17
  6193 | D:9      | Found a stormy altar of Qazlal.
  6193 | D:9      | Found a blossoming altar of Fedhas.
  6416 | D:9      | Reached skill level 13 in Axes
  6462 | D:9      | Received a gift from Trog
  6482 | D:9      | Noticed Erolcha
  6488 | D:9      | Killed Erolcha
  6687 | Lair:1   | Entered Level 1 of the Lair of Beasts
  6706 | Lair:1   | Gained mutation: Your magical capacity is low (-10% MP). [potion of mutation]
  6706 | Lair:1   | Gained mutation: You are clumsy. (Dex -2) [potion of mutation]
  6706 | Lair:1   | Gained mutation: Scrolls take you a little longer to read. [potion of mutation]
  7701 | Lair:2   | Noticed a seven-headed hydra
  7706 | Lair:2   | Killed a nine-headed hydra
  7706 | Lair:2   | Reached skill level 14 in Axes
  7706 | Lair:2   | Reached XP level 11. HP: 78/97 MP: 6/18
  7777 | Lair:2   | Reached skill level 10 in Evocations
  7974 | Lair:2   | Reached skill level 10 in Fighting
  8196 | Lair:2   | Noticed a five-headed hydra
  8200 | Lair:2   | Killed a six-headed hydra
  8341 | Lair:2   | Received a gift from Trog
  8806 | Lair:3   | Reached skill level 5 in Armour
  8880 | Lair:3   | Reached XP level 12. HP: 63/108 MP: 6/19
  9185 | Lair:3   | Reached skill level 5 in Dodging
  9380 | Lair:4   | Reached skill level 15 in Axes
  9559 | Lair:4   | Found a hole to the Spider Nest.
  9621 | Lair:4   | Received a gift from Trog
 10096 | Lair:4   | Got a bound turquoise ring
 10098 | Lair:4   | Identified the ring "Cuywuc" {MR+ Str-3 Int+7 Dex+4} (You found it on level 4 of the Lair of Beasts)
 10224 | Lair:4   | Found a bloodstained altar of Trog.
 10936 | Lair:5   | Found a staircase to the Swamp.
 11188 | Lair:5   | Received a gift from Trog
 11336 | Lair:5   | Reached XP level 13. HP: 83/118 MP: 7/21
 11341 | Lair:5   | Received a gift from Trog
 12444 | Lair:6   | Received a gift from Trog
 12445 | Lair:6   | Got an encrusted short sword {god gift}
 12725 | Lair:7   | HP: 3/119 [13-headed hydra (4)]
 12727 | Lair:7   | Mangled by a 13-headed hydra

Action                   |  1- 3 |  4- 6 |  7- 9 | 10-12 | 13-15 || total
-------------------------+-------+-------+-------+-------+-------++-------
Melee: Hand axe          |    65 |   120 |   256 |       |       ||   441
       Executioner's axe |       |       |    41 |   513 |   128 ||   682
Throw: Tomahawk          |    13 |       |     9 |       |       ||    22
       Stone             |     7 |     1 |       |       |       ||     8
Invok: Brothers in Arms  |       |     1 |     2 |     3 |       ||     6
       Trog's Hand       |       |     1 |       |       |       ||     1
       Berserk           |       |       |       |     1 |       ||     1
  Use: Scroll            |     1 |     9 |     4 |    15 |     1 ||    30
       Potion            |       |       |       |     2 |       ||     2
  Eat: Bread ration      |       |     1 |     1 |     1 |       ||     3
       Beef jerky        |       |     1 |       |     2 |       ||     3
       Chunk             |       |       |     7 |    14 |     6 ||    27
       Pizza             |       |       |       |     2 |       ||     2
